 Dungeon Crawl Stone Soup version 0.24-a0-441-g27f0392e16 (webtiles) character file.

Game seed: 5265930313758245822

9309 gruber the Destroyer (level 11, -7/57 HPs)
             Began as a Deep Elf Conjurer on June 19, 2019.
             Was an Elder of Vehumet.
             Mangled by a centaur warrior (11 damage)
             ... on level 11 of the Dungeon.
             The game lasted 00:30:07 (12999 turns).

gruber the Destroyer (Deep Elf Conjurer)           Turns: 12999, Time: 00:30:08

Health: -7/57      AC:  9    Str:  7    XL:     11   Next: 21%
Magic:  9/26       EV: 12    Int: 27    God:    Vehumet [****..]
Gold:   318        SH: 14    Dex: 15    Spells: 18/28 levels left

rFire    . . .     SeeInvis .   Q - staff of conjuration
rCold    + . .     Gourm    .   D - +5 shield of Snakes and Ladders {Int+3}
rNeg     . . .     Faith    .   M - +1 leather armour of the Gate {+Fly rPois Str+2 Stlth-}
rPois    +         Spirit   .   O - +2 helmet
rElec    .         Reflect  .   (no cloak)
rCorr    .         Harm     .   e - +0 pair of gloves
MR       +....                  (no boots)
Stlth    +.........             y - amulet of the acrobat (curse)
HPRegen  0.19/turn              H - ring of ice
MPRegen  0.20/turn              J - ring of protection from fire

@: no status effects
A: no striking features
a: Renounce Religion, Evoke Flight


You were on level 11 of the Dungeon.
You worshipped Vehumet.
Vehumet was greatly pleased with you.
You were very hungry.

You visited 2 branches of the dungeon, and saw 12 of its levels.
You also visited: Ossuary.

You collected 493 gold pieces.
You spent 175 gold pieces at shops.

Inventory:

Missiles
 g - 5 curare-tipped darts (quivered)
Armour
 a - a +0 robe
 e - a +0 pair of gloves (worn)
 D - the +5 shield of Snakes and Ladders (worn) {Int+3}
   (You found it on level 5 of the Dungeon)

   It affects your intelligence (+3).
 M - the +1 leather armour of the Gate (worn) {+Fly rPois Str+2 Stlth-}
   (You bought it in a shop on level 8 of the Dungeon)

   It affects your strength (+2).
   It protects you from poison.
   It lets you fly.
   It makes you less stealthy.
 O - a +2 helmet (worn)
 R - a +2 robe of cold resistance
Magical Staves
 Q - an uncursed staff of conjuration (weapon)
Jewellery
 y - a cursed amulet of the acrobat (around neck)
 C - an uncursed ring of positive energy
 H - a ring of ice (left hand)
 J - a ring of protection from fire (right hand)
 L - an uncursed ring of fire
Wands
 l - a wand of flame (43)
 p - a wand of scattershot (5)
 F - a wand of iceblast (14)
 K - a wand of random effects (16)
Scrolls
 b - a scroll of enchant armour {unknown}
 d - 2 scrolls of noise {unknown}
 f - 6 scrolls of magic mapping {unknown}
 i - 4 scrolls of blinking {unknown}
 j - 4 scrolls of remove curse {unknown}
 n - 3 scrolls of fog {unknown}
 t - a scroll of vulnerability {unknown}
 u - 9 scrolls of teleportation {unknown}
 x - 5 scrolls of amnesia {unknown}
 B - a scroll of fear {unknown}
 E - a scroll of immolation {unknown}
 N - 6 scrolls of identify
 P - a scroll of silence {unknown}
Potions
 h - a potion of haste
 k - 3 potions of ambrosia
 m - 2 potions of invisibility
 o - 2 potions of agility
 q - a potion of mutation
 s - 6 potions of heal wounds {unknown}
 v - 6 potions of magic
 w - a potion of lignification {unknown}
 z - 4 potions of brilliance {unknown}
 A - a potion of berserk rage {unknown}
 G - 2 potions of flight {unknown}
 I - 4 potions of curing {unknown}
Miscellaneous
 T - a phial of floods (inert)
Comestibles
 c - 24 rations


   Skills:
 - Level 2.0 Fighting
 - Level 5.0 Armour
 - Level 4.7 Dodging
 - Level 2.4 Stealth
 * Level 4.8 Shields
 - Level 9.0 Spellcasting
 - Level 14.2 Conjurations
 - Level 0.1 Translocations
 - Level 1.6 Evocations


You had 18 spell levels left.
You knew the following spells:

 Your Spells              Type           Power        Failure   Level  Hunger
a - Magic Dart            Conj           ####         1%          1    None
b - Searing Ray           Conj           ######       1%          2    None
c - Dazzling Spray        Conj/Hex       ######       1%          3    None
d - Force Lance           Conj/Tloc      ######..     3%          4    #......

Your spell library contained the following spells:

 Spells                   Type           Power        Failure   Level  Hunger
 Conjure Flame            Conj/Fire      ######..     1%          3    None
 Iskenderun's Mystic Bla  Conj           #######.     1%          4    #......
 Fulminant Prism          Conj/Hex       ######....   4%          4    #......


Dungeon Overview and Level Annotations

Branches:
Dungeon (11/15)            Temple (1/1) D:4            Lair (0/6) D:9
    Orc: D:9-12

Altars:
Ashenzari
Cheibriados
Fedhas
Gozag
Hepliaklqana
Kikubaaqudgha
Nemelex Xobeh
Qazlal
Ru
Trog
Uskayaw
Vehumet
Wu Jian
Xom
Yredelemnul
The Shining One

Shops:
D:8 [:[

Annotations:
D:8 2 runed translucent doors


Message History

The centaur shoots an arrow.
The arrow closely misses you.
The centaur warrior shoots an arrow.
You block the arrow.
Unknown command.
Casting: Dazzling Spray (safe; 1% risk of failure)
Confirm with . or Enter, or press ? or * to list all spells.
Aiming: Dazzling Spray (safe; 1% risk of failure)
Press: ? - help, Shift-Dir - straight line, f - centaur
Aim: a centaur, wielding a +0 shortbow You feel a surge of power!
The spray of energy hits the centaur!
The centaur is moderately wounded.
The centaur is dazzled.
The spray of energy hits the centaur warrior!
The centaur warrior is severely wounded.
The centaur shoots an arrow.
The arrow closely misses the centaur warrior.
The arrow hits you.
* * * LOW HITPOINT WARNING * * *
The centaur warrior unwields a +0 shortbow.
The centaur warrior hits you!
You die...

. .## ..# # ### #
#[#.# #.. ####.##.#.#
#.# #
..........###.#### .#
#<# .....##.#
.###)#####.##.#..##
.......$....@.........
....##.[...(c......# #
.. #(...##(c.....# #
.......##(.))...# #
............)...# #
.c).............# #
###.............######
# ..........(...>.[..#
#
...............####.#
#


You could see a centaur warrior and a centaur (blind).

Vanquished Creatures
  Fannar (D:10)
  A two-headed ogre (D:9)
  Urug (D:10)
  Grinder (D:4)
  A hornet (D:10)
  Sigmund (D:4)
  A yak (D:10)
  2 wyverns (D:9)
  A hungry ghost (D:11)
  Duvessa (D:4)
  A water moccasin (D:7)
  6 orc warriors
  3 phantoms
  3 ice beasts
  4 ogres
  A black bear (D:8)
  2 sky beasts
  An eye of draining (D:9)
  A necrophage (D:9)
  5 centaurs
  A big kobold (D:11)
  6 bullfrogs
  A wyvern zombie (D:9)
  4 water moccasin zombies (Ossuary)
  Dowan (D:4)
  A scorpion (D:5)
  4 killer bees (D:11)
  An electric eel (D:9)
  5 howler monkeys
  8 crimson imps
  2 centaur zombies
  6 jellies
  3 bullfrog zombies
  16 orc wizards
  4 bullfrog skeletons
  7 orc priests
  7 hounds
  3 centaur skeletons
  An iguana (D:5)
  4 worker ants
  2 hound skeletons
  2 mummies (Ossuary)
  A howler monkey zombie (D:7)
  A worker ant zombie (D:7)
  Robin (D:4)
  12 adders
  A howler monkey skeleton (D:8)
  3 shadow imps
  4 oozes
  An adder skeleton (D:8)
  4 adder zombies (Ossuary)
  3 worms
  A dart slug (D:1)
  6 leopard geckos
  53 orcs
  A ball python (D:2)
  21 goblins
  15 hobgoblins
  8 jackals
  10 kobolds
  6 quokkas
  6 bats
  8 frilled lizards
  A giant cockroach zombie (D:5)
  2 gnoll zombies (Ossuary)
  9 hobgoblin zombies (Ossuary)
  7 kobold zombies (Ossuary)
  8 orc zombies (Ossuary)
  2 quokka skeletons
  9 rats
331 creatures vanquished.

Vanquished Creatures (collateral kills)
  A killer bee (D:11)
1 creature vanquished.

Grand Total: 332 creatures vanquished

Notes
Turn   | Place    | Note
-------+----------+-------------------------------------------
     0 | D:1      | gruber the Deep Elf Conjurer began the quest for the Orb.
     0 | D:1      | Reached XP level 1. HP: 10/10 MP: 6/6
   487 | D:1      | Reached XP level 2. HP: 15/15 MP: 6/8
   554 | D:1      | Reached skill level 5 in Conjurations
   834 | D:1      | Reached XP level 3. HP: 19/19 MP: 8/10
   911 | D:1      | Found a shattered altar of Ashenzari.
  1401 | D:2      | Learned a level 2 spell: Searing Ray
  1405 | D:2      | Learned a level 3 spell: Dazzling Spray
  1644 | D:2      | Found an opulent altar of Gozag.
  1663 | D:2      | Reached XP level 4. HP: 20/24 MP: 6/12
  2062 | D:3      | Reached skill level 5 in Spellcasting
  2302 | D:3      | Reached XP level 5. HP: 23/28 MP: 6/14
  2831 | D:3      | Found a glowing golden altar of the Shining One.
  2877 | D:4      | Reached skill level 6 in Conjurations
  2878 | D:4      | Noticed Robin
  3054 | D:4      | Killed Robin
  3066 | D:4      | Found a sand-covered staircase.
  3132 | Ossuary  | Entered an ossuary
  3303 | Ossuary  | Reached XP level 6. HP: 27/32 MP: 7/17
  3502 | Ossuary  | Reached skill level 7 in Conjurations
  3940 | D:4      | Reached XP level 7. HP: 30/36 MP: 13/19
  4009 | D:4      | Found a shimmering altar of Xom.
  4055 | D:4      | Noticed Grinder
  4080 | D:4      | Killed Grinder
  4080 | D:4      | Reached skill level 8 in Conjurations
  4622 | D:4      | Noticed Sigmund
  4643 | D:4      | Killed Sigmund
  4643 | D:4      | Reached skill level 9 in Conjurations
  4672 | D:4      | Noticed Duvessa
  4673 | D:4      | Noticed Dowan
  4764 | D:4      | Found a staircase to the Ecumenical Temple.
  4781 | D:4      | Killed Duvessa
  4781 | D:4      | Reached XP level 8. HP: 22/41 MP: 11/20
  4785 | D:4      | Killed Dowan
  4796 | Temple   | Entered the Ecumenical Temple
  5066 | Temple   | Became a worshipper of Vehumet
  5332 | D:4      | Reached skill level 10 in Conjurations
  5372 | D:4      | Reached skill level 1 in Evocations
  5520 | D:5      | Entered Level 5 of the Dungeon
  5664 | D:5      | Reached skill level 11 in Conjurations
  5671 | D:5      | Got an ichor-stained shield
  5672 | D:5      | Identified the +5 shield of Snakes and Ladders {Int+3} (You
                  | found it on level 5 of the Dungeon)
  5921 | D:5      | Found an ancient bone altar of Kikubaaqudgha.
  6631 | D:6      | Reached * piety under Vehumet
  6631 | D:6      | Offered knowledge of Freeze by Vehumet.
  6761 | D:6      | Reached skill level 12 in Conjurations
  6761 | D:6      | Reached XP level 9. HP: 45/45 MP: 15/21
  7553 | D:7      | Reached skill level 13 in Conjurations
  8088 | D:7      | Offered knowledge of Shock by Vehumet.
  8089 | D:7      | Reached ** piety under Vehumet
  8245 | D:8      | Reached skill level 14 in Conjurations
  8367 | D:8      | Found Ficoc's Book Shop.
  8410 | D:8      | Found Titiz's Antique Weapon Boutique.
  8504 | D:8      | Found Difisepn's Antique Armour Boutique.
  8512 | D:8      | Bought a crude leather armour for 175 gold pieces
  8512 | D:8      | Identified the +1 leather armour of the Gate {+Fly rPois
                  | Str+2 Stlth-} (You bought it in a shop on level 8 of the
                  | Dungeon)
  8785 | D:8      | Found a hide-covered altar of Uskayaw.
  8785 | D:8      | Found a blossoming altar of Fedhas.
  8808 | D:8      | Found Esoenn's Armour Boutique.
  8865 | D:8      | Found a runed translucent door.
  8901 | D:8      | Found a runed translucent door.
  9117 | D:9      | Noticed a two-headed ogre
  9120 | D:9      | Offered knowledge of Inner Flame by Vehumet.
  9120 | D:9      | Reached XP level 10. HP: 51/51 MP: 19/23
  9155 | D:9      | Learned a level 4 spell: Force Lance
  9192 | D:9      | Killed a two-headed ogre
  9192 | D:9      | Reached skill level 1 in Fighting
  9192 | D:9      | Reached skill level 1 in Shields
  9194 | D:9      | Found a staircase to the Lair.
  9539 | D:9      | Reached *** piety under Vehumet
  9891 | D:9      | Reached skill level 1 in Armour
 10332 | D:10     | Entered Level 10 of the Dungeon
 10424 | D:10     | Noticed Urug
 10693 | D:10     | Offered knowledge of Sticky Flame by Vehumet.
 10998 | D:10     | Killed Urug
 11619 | D:11     | Noticed Fannar
 11673 | D:11     | Reached skill level 5 in Armour
 11795 | D:11     | Noticed a centaur warrior
 12028 | D:11     | Reached XP level 11. HP: 57/57 MP: 22/26
 12057 | D:11     | Reached **** piety under Vehumet
 12451 | D:10     | Killed Fannar
 12754 | D:11     | Offered knowledge of Conjure Flame by Vehumet.
 12999 | D:11     | Mangled by a centaur warrior

Levels and vault maps discovered:
D:1:      psy_arrival_terrarium, layout_loops_cross, ashenzari_altar_1
D:2:      layout_loops_cross, lemuel_crystal_altar
D:3:      layout_loops_ring, lemuel_coloured_pillars_altar
D:4:      layout_layer_cave, nicolae_overflow_crystal_walls,
          minmay_temple_entry_grid, nicolae_ossuary_entry_ruins, first_ration,
          uniq_grinder, uniq_sigmund, uniq_robin, uniq_duvessa
D:5:      layout_basic, kiku_gazebo_garden_becter, chequers_serial_rivers_room_a
D:6:      layout_loops_ring
D:7:      minmay_chambers_of_fours, layout_basic
D:8:      lemuel_insect_pit, layout_rooms, gammafunk_temple_overflow_statue,
          serial_rivers, chequers_serial_rivers_micro_c,
          chequers_serial_rivers_micro_b, chequers_serial_rivers_room_a,
          chequers_serial_rivers_large_a, serial_shops,
          nicolae_shop_overgrown_old_shop, nicolae_shop_stone,
          nicolae_shop_crystal, shop_fountains
D:9:      layout_basic
D:10:     layout_stronghold, uniq_urug
D:11:     layout_loops_cross, erik_orc_4, basic_altar, blue_anna_alchemist
          [blue_anna_fruit_fields, blue_anna_fruit_fields], uniq_fannar
Temple:   nicolae_temple_elliptical

Skill      XL: |  1  2  3  4  5  6  7  8  9 10 11 |
---------------+----------------------------------+-----
Conjurations   | 5 6 7 9 12 14 | 14.2
Spellcasting   | 4 5 6 7 9 |  9.0
Evocations     | 1 |  1.6
Fighting       | 2 |  2.0
Dodging        | 4 |  4.7
Shields        | 2 4 |  4.8
Armour         | 5 |  5.0
Stealth        | |  2.4
Translocations | |  0.1

Action                   |  1- 3 |  4- 6 |  7- 9 | 10-12 || total
-------------------------+-------+-------+-------+-------++-------
Melee: Unarmed           |     7 |       |       |       ||     7
       Dagger            |       |    23 |    47 |    11 ||    81
Throw: Dart              |       |       |       |     1 ||     1
 Cast: Magic Dart        |    85 |   120 |   142 |   104 ||   451
       Searing Ray       |       |    18 |    81 |    48 ||   147
       Dazzling Spray    |       |       |       |    18 ||    18
       Force Lance       |       |       |       |    18 ||    18
Evoke: Wand              |       |     2 |       |       ||     2
       Phial of floods   |       |       |       |     1 ||     1
  Use: Scroll            |       |       |     9 |       ||     9
  Eat: Chunk             |     2 |     4 |    14 |    12 ||    32
       Ration            |       |     1 |       |       ||     1
Armor: Robe              |     2 |    22 |    17 |     1 ||    42
       Leather armour    |       |       |       |    11 ||    11
Dodge: Dodged            |    26 |    56 |   124 |    92 ||   298
Block: Shield            |       |       |       |    50 ||    50

Table legend:
 A = Non-vault XP
 B = Vault XP
 C = Vault XP percentage of total XP
 D = Non-vault monster count
 E = Vault monster count
 F = Vault count percentage of total count
                 A         B        C        D         E       F
            +---------+---------+-------+---------+---------+-------
      Total |    9444 |    3855 |  29.0 |     259 |      73 |  22.0
            +---------+---------+-------+---------+---------+-------
        D:1 |      53 |       0 |   0.0 |      23 |       0 |   0.0
        D:2 |      59 |       0 |   0.0 |      26 |       0 |   0.0
        D:3 |     157 |       3 |   1.9 |      35 |       2 |   5.4
        D:4 |     387 |     778 |  66.8 |      15 |      15 |  50.0
        D:5 |     557 |       0 |   0.0 |      17 |       0 |   0.0
        D:6 |     667 |       0 |   0.0 |      18 |       0 |   0.0
        D:7 |    1065 |     299 |  21.9 |      29 |       3 |   9.4
        D:8 |     975 |       0 |   0.0 |      26 |       0 |   0.0
        D:9 |    2877 |       0 |   0.0 |      37 |       0 |   0.0
       D:10 |    1345 |    1872 |  58.2 |      11 |       2 |  15.4
       D:11 |    1302 |     500 |  27.7 |      22 |      15 |  40.5
    Ossuary |       0 |     403 | 100.0 |       0 |      36 | 100.0
            +---------+---------+-------+---------+---------+-------
